 Dungeon Crawl Stone Soup version 0.27.1-1-g398f81649c (webtiles) character file.

Game seed: 11241267559416686581

273 aster the Chopper (level 6, -12/42 (56) HPs)
             Began as a Hill Orc Fighter on Sept 8, 2021.
             Mangled by a wight (14 damage)
             ... on level 7 of the Dungeon.
             The game lasted 00:06:03 (3451 turns).

aster the Chopper (Hill Orc Fighter)                Turns: 3451, Time: 00:06:04

HP:   -12/42 (56)   AC:  9    Str: 21    XL:     6   Next: 23%
MP:   6/6           EV:  5    Int:  8    God:
Gold: 41            SH: 10    Dex: 16    Spells: 5/5 levels left

rFire    . . .     SeeInvis .   o - +1 war axe (freeze)
rCold    . . .     Faith    .   c - +0 kite shield
rNeg     . . .     Spirit   .   m - +0 chain mail
rPois    .         Reflect  .   (no helmet)
rElec    .         Harm     .   (no cloak)
rCorr    .         Rampage  .   (no gloves)
Will     +....                  (no boots)
Stlth    ..........             (no amulet)
HPRegen  0.14/turn              l - ring of willpower
MPRegen  0.10/turn              h - +6 ring of dexterity

@: very heavily drained
A: no striking features
a: no special abilities


You were on level 7 of the Dungeon.
You visited 1 branch of the dungeon, and saw 7 of its levels.

You collected 41 gold pieces.

Inventory:

Hand Weapons
 a - a +0 war axe of draining
 o - a +1 war axe of freezing (weapon)
Missiles
 n - 11 poisoned darts (quivered)
Armour
 c - a +0 kite shield (worn)
 m - a +0 chain mail (worn)
Jewellery
 h - a +6 ring of dexterity (right hand)
 i - a ring of fire
 l - a ring of willpower (left hand)
Scrolls
 f - a scroll of identify
Potions
 b - a potion of mutation {unknown}
 d - a potion of might
 e - a potion of lignification
 g - a potion of heal wounds {unknown}
 j - a potion of attraction {unknown}
 k - a potion of degeneration {unknown}


   Skills:
 + Level 5.1 Fighting
 * Level 6.2 Axes
 - Level 3.2 Armour
 + Level 4.6 Shields


You had 5 spell levels left.
You didn't know any spells.
Your spell library was empty.

Dungeon Overview and Level Annotations

Branches:
Dungeon (9/15)
 Temple: D:4-7         Lair: D:8-11         Orc: D:9-12

Altars:


Message History

You block the wight's attack.
You hit the wight but do no damage.
The wight is almost destroyed.
The wight hits you with a +2 mace of draining.
You feel drained. x2
You closely miss the wight.
The wight is almost destroyed.
The wight hits you with a +2 mace of draining.
You feel drained. You block the wight's attack.
You slash the wight!
You destroy the wight!
Things that are here:
a +1 war axe of freezing; a +0 robe
o - a +1 war axe of freezing Your +1 war axe of freezing glows with a cold blue light!
o - a +1 war axe of freezing (weapon)
Things that are here:
a +2 mace of draining; a +0 robe; a +0 ring mail You see here a +0 robe.
You start resting.
HP restored.
There is a stone staircase leading down here.
A wight comes into view. It is wielding a +4 battleaxe.
You block the wight's attack.
You closely miss the wight. The wight hits you with a +4 battleaxe.
You feel drained.
You hit the wight but do no damage. The wight completely misses you.
You hit the wight but do no damage. The wight hits you with a +4 battleaxe!
You feel drained. The wight hits you with a +4 battleaxe.
You feel drained.
Your shield prevents you from hitting the wight.
The wight hits you with a +4 battleaxe!
* * * LOW HITPOINT WARNING * * *
You feel drained.
* * * LOW HITPOINT WARNING * * *
Your chain mail prevents you from hitting the wight.
You block the wight's attack. The wight hits you with a +4 battleaxe.
* * * LOW HITPOINT WARNING * * *
Your shield and chain mail prevent you from hitting the wight.
The wight hits you with a +4 battleaxe!
You die...

..............#
....###.#####.#
......#.# #.#
........# #.#
......#.# #.#
........#####.#
#.>.[....#
#.###)####
#@....# #z###.#
#.. ..# ..#####
###


You could see a wight.

Vanquished Creatures
  2 wights (D:7)
  An orc priest (D:7)
  Terence (D:2)
  An orc wizard (D:7)
  3 adders
  A worm (D:3)
  3 dart slugs
  5 orcs (D:3)
  3 ball pythons
  5 bats
  9 endoplasms
  10 goblins
  A hobgoblin (D:2)
  10 jackals
  A quokka (D:1)
  4 frilled lizards
  3 kobolds (D:1)
  6 rats
69 creatures vanquished.

Notes
Turn   | Place    | Note
-------+----------+-------------------------------------------
     0 | D:1      | aster the Hill Orc Fighter began the quest for the Orb.
     0 | D:1      | Reached XP level 1. HP: 19/19 MP: 1/1
   257 | D:1      | Reached skill level 3 in Axes
   362 | D:1      | Reached XP level 2. HP: 27/27 MP: 2/2
   386 | D:1      | Found a faded altar of an unknown god.
   542 | D:1      | Reached XP level 3. HP: 31/33 MP: 3/3
   657 | D:1      | Reached skill level 4 in Axes
  1625 | D:2      | Reached XP level 4. HP: 41/41 MP: 4/4
  1786 | D:2      | Noticed Terence
  1790 | D:2      | Killed Terence
  2503 | D:3      | Reached skill level 5 in Axes
  2504 | D:3      | Reached XP level 5. HP: 38/47 MP: 5/5
  2920 | D:3      | You fall into a shaft and drop 3 floors!
  2920 | D:6      | Noticed a black bear
  2929 | D:6      | Noticed a sky beast
  2933 | D:6      | Noticed a kobold brigand
  2973 | D:6      | You fall into a shaft and drop 3 floors!
  2984 | D:9      | Noticed a two-headed ogre
  3026 | D:8      | Noticed a kobold brigand
  3232 | D:7      | Reached skill level 5 in Fighting
  3232 | D:7      | Reached skill level 6 in Axes
  3232 | D:7      | Reached XP level 6. HP: 56/56 MP: 6/6
  3450 | D:7      | HP: 2/42 [wight (3)]
  3451 | D:7      | Mangled by a wight

Illustrated notes

Levels and vault maps discovered:
D:1:      dpeg_arrival_fog, layout_loops_corners,
          dreamdust_ecumenical_altar_angels_and_demons, st_stairs_3,
          minmay_pentomino_q2
D:2:      layout_basic, hex_medium, uniq_terence
D:3:      layout_rooms, nicolae_sif_muna_little_library, serial_forest,
          infiniplex_forest_clump_diagonal, infiniplex_forest_lined_3_way,
          infiniplex_forest_lined_4_way, infiniplex_forest_straight_3,
          infiniplex_forest_join, infiniplex_forest_lined_4_way,
          infiniplex_forest_end_1, infiniplex_forest_clump_tiny,
          kennysheep_nondescript, uniq_crazy_yiuf_cottage
D:6:      layout_basic, kennysheep_little_box, minmay_temple_entry_glass,
          gammafunk_ghost_necromancy, minmay_misc_feat_pillars
D:7:      kennysheep_steamy, layout_loops_ring, grunt_temple_overflow_cloverleaf
D:8:      layout_cave_pools, doesnt_shop_hydraphobe, uniq_pikel, uniq_maurice
D:9:      layout_loops_ring, serial_shops, nicolae_shop_trees,
          grunt_ministairs_13, nicolae_two_hexagons

Skill      XL: |  1  2  3  4  5 |
---------------+----------------+-----
Axes           | 3 4 5 6 |  6.2
Fighting       | 4 5 |  5.1
Shields        | 4 |  4.6
Armour         | |  3.2

Action                   |  1- 3 |  4- 6 || total
-------------------------+-------+-------++-------
Melee: War axe           |    97 |    64 ||   161
  Use: Scroll            |     3 |       ||     3
Armor: Scale mail        |    49 |     9 ||    58
       Chain mail        |       |    15 ||    15
Dodge: Dodged            |    40 |    27 ||    67
Block: Kite shield       |    67 |    39 ||   106
